 Dungeon Crawl Stone Soup version 0.31.0-32-g396128a36d (webtiles) character file.

Game seed: 5809583730905327678

11461 jake20062024 the Spry (level 11, -6/63 (69) HPs)
             Began as a Felid Berserker on Apr 19, 2024.
             Was an Elder of Trog.
             Mangled by a spectral boulder beetle (12 damage)
             ... on level 10 of the Dungeon.
             The game lasted 00:33:20 (10550 turns).

jake20062024 the Spry (Felid Berserker)            Turns: 10550, Time: 00:33:21

HP:   -6/63 (69)    AC:  4    Str: 13    XL:     11   Next: 49%
MP:   12/12         EV: 32    Int: 11    God:    Trog [****..]
Gold: 731           SH:  0    Dex: 20    Spells: 10/10 levels left
                                        Lives: 0   Deaths: 4

rFire   . .          .
                       - Unarmed
rCold   . . .        (shield unavailable)
rNeg    + . .        (body armour unavailable)
rPois   .            (helmet unavailable)
rElec   .            (cloak unavailable)
rCorr   .            (gloves unavailable)
SInv    +            (boots unavailable)
Will    +....        b - amulet of faith
Stlth   ++           t - ring of positive energy
HPRegen 0.30/turn    (no ring)
MPRegen 0.13/turn

%: faith
@: mighty, on berserk cooldown, slowed, drained, very slow
A: very small, claws 1, fangs 3, see invisible, shaggy fur 2, stealthy paws, no
weapons or thrown items, no armour, multi-lived, horns 1, iridescent scales 1,
robust 1
a: Renounce Religion, Berserk, Trog's Hand, Brothers in Arms


You were on level 10 of the Dungeon.
You worshipped Trog.
Trog was greatly pleased with you.
You visited 1 branch of the dungeon, and saw 10 of its levels.

You collected 731 gold pieces.

Inventory:

Jewellery
 b - an amulet of faith (around neck)
 j - an amulet of magic regeneration
 r - an amulet of reflection
 t - a ring of positive energy (left paw)
Wands
 c - a wand of light (8)
Scrolls
 a - a scroll of revelation
 h - 2 scrolls of enchant weapon
 i - 2 scrolls of teleportation
 k - 2 scrolls of fog
 m - 2 scrolls of poison
Potions
 d - a potion of lignification {unknown}
 f - 2 potions of curing
 l - a potion of attraction


   Skills:
 + Level 9.8 Fighting
 * Level 17.0 Dodging
 + Level 9.8 Unarmed Combat


You had 10 spell levels left.
You didn't know any spells.
Your spell library was empty.

Dungeon Overview and Level Annotations

Branches:
Dungeon (10/15)            Temple (0/1) D:4            Lair (0/5) D:9
    Orc: D:9-12

Altars:

Annotations:
D:10 1 runed translucent door


Innate Abilities, Weirdness & Mutations

You have sharp claws.
You have razor-sharp teeth.
You have supernaturally acute eyesight. (SInv)
You are covered in thick fur. (AC +2)
Your paws help you pounce on unaware monsters.
You are incapable of wielding weapons or throwing items.
You cannot wear armour.
You gain extra lives every three experience levels.
You have a pair of small horns on your head.
You are partially covered in iridescent scales. (AC +2)
You are robust. (+10% HP)


Message History

The spectral boulder beetle is lightly damaged.
The spectral boulder beetle barely misses you.
You scratch the spectral boulder beetle but do no damage.
The spectral boulder beetle is lightly damaged.
The spectral boulder beetle bites you.
* * * LOW HITPOINT WARNING * * *
The spectral boulder beetle bites you.
* * * LOW HITPOINT WARNING * * *
You partially resist.
You feel drained.
You scratch the spectral boulder beetle but do no damage.
You claw the spectral boulder beetle, but do no damage.
The spectral boulder beetle is lightly damaged.
The spectral boulder beetle closely misses you.
You scratch the spectral boulder beetle.
You headbutt the spectral boulder beetle, but do no damage.
The spectral boulder beetle is lightly damaged.
The spectral boulder beetle completely misses you.
You scratch the spectral boulder beetle but do no damage.
You claw the spectral boulder beetle.
The spectral boulder beetle is lightly damaged.
The spectral boulder beetle bites you!
* * * LOW HITPOINT WARNING * * *
You partially resist.
You feel drained.
You feel better. The spectral boulder beetle misses you.
The spectral boulder beetle completely misses you.
You feel better.
The spectral boulder beetle completely misses you.
You feel very mighty all of a sudden.
The spectral boulder beetle waves its antennae.
The spectral boulder beetle misses you. The spectral boulder beetle bites you.
* * * LOW HITPOINT WARNING * * *
You partially resist.
You feel drained.
You feel better. The spectral boulder beetle misses you.
You scratch the spectral boulder beetle but do no damage.
You bite the spectral boulder beetle, but do no damage.
The spectral boulder beetle is lightly damaged.
The spectral boulder beetle bites you!
* * * LOW HITPOINT WARNING * * *
You partially resist.
You feel drained. The spectral boulder beetle bites you!
You die...

###+## #..Z..### +.Z...'.##
#..## ##..## ##..## ##).# ##Z#
#@# . #.# .# ##.# ..#
##..#≈~#.# #..## ##..##~≈#.#
#..## ##..##.≈≈#.# ##.°##
##..#'..≈≈..###########
##..##+##.(##...≈≈.............
##.......##...≈≈≈..>.....<....


You could see a spectral boulder beetle.

Vanquished Creatures
  Erica (D:9)
  3 death yaks (D:9)
  A soul eater (D:10)
  Maurice (D:8)
  Joseph (D:8)
  A centaur skeleton (D:10)
  A red devil (D:10)
  A troll (D:9)
  A hellwing (D:10)
  A hornet (D:8)
  2 spectral black mambas (D:10)
  Sigmund (D:2)
  A wyvern (D:9)
  3 wraiths (D:10)
  4 yaks (D:8)
  A warg (D:10)
  2 vampire mosquitoes (D:10)
  A steam dragon (D:9)
  A water moccasin (D:9)
  A hell hound (D:10)
  3 orc warriors
  A sky beast (D:7)
  3 black bears
  2 ice beasts
  2 centaurs
  2 ogres
  4 wolves (D:10)
  A phantom (D:7)
  2 kobold brigands
  6 weeping skulls (D:10)
  3 bullfrogs (D:8)
  3 scorpions
  2 gnoll sergeants (D:9)
  5 wights (D:9)
  12 killer bees (D:9)
  4 howler monkeys
  2 jellies
  2 orc priests
  A bombardier beetle (D:3)
  2 hounds
  A quasit (D:10)
  Crazy Yiuf (D:3)
  6 iguanas
  An orc wizard (D:2)
  A hell rat (D:10)
  10 gnolls (D:9)
  A howler monkey skeleton (D:10)
  13 adders
  A white imp (D:5)
  4 ufetubi
  2 ribbon worms
  A dart slug (D:5)
  21 orcs
  6 bats
  8 endoplasms
  A giant cockroach (D:3)
  7 goblins
  4 hobgoblins
  4 jackals (D:3)
  18 kobolds
  3 quokkas
  5 ball pythons
  3 frilled lizards (D:2)
  3 rats
216 creatures vanquished.

Notes
Turn   | Place    | Note
-------+----------+-------------------------------------------
     0 | D:1      | jake20062024 the Felid Berserker began the quest for the
                  | Orb.
     0 | D:1      | Reached XP level 1. HP: 12/12 MP: 2/2
   287 | D:1      | Reached XP level 2. HP: 15/16 MP: 3/3
   642 | D:2      | Slain by a ribbon worm
   642 | D:2      | Lost a life (0 lives remaining)
   674 | D:2      | Reached skill level 5 in Dodging
   674 | D:2      | Reached XP level 3. HP: 5/20 MP: 4/4
   699 | D:2      | Reached ** piety under Trog
   734 | D:2      | Noticed Sigmund
   750 | D:2      | Killed Sigmund
   751 | D:2      | Reached skill level 6 in Dodging
   751 | D:2      | Reached XP level 4. HP: 25/25 MP: 5/5
   751 | D:2      | Gained a life (1 life remaining)
   751 | D:2      | Reached XP level 5. HP: 29/29 MP: 6/6
  1254 | D:3      | Gained mutation: You are covered in thick fur. (AC +2)
                  | [Felid growth]
  1254 | D:3      | Reached XP level 6. HP: 28/33 MP: 7/7
  1274 | D:3      | Reached skill level 7 in Dodging
  1543 | D:3      | Found a runed translucent door.
  1544 | D:3      | Noticed Crazy Yiuf
  2244 | D:3      | Killed Crazy Yiuf
  2460 | D:4      | Reached skill level 8 in Dodging
  2460 | D:4      | Reached XP level 7. HP: 10/38 MP: 8/8
  2460 | D:4      | Gained a life (2 lives remaining)
  2623 | D:4      | Reached *** piety under Trog
  2735 | D:4      | Found a staircase to the Ecumenical Temple.
  3123 | D:4      | Reached skill level 5 in Fighting
  3496 | D:4      | Reached skill level 5 in Unarmed Combat
  4045 | D:5      | Entered Level 5 of the Dungeon
  4150 | D:5      | Reached skill level 9 in Dodging
  4382 | D:5      | You fall into a shaft and drop 1 floor!
  4514 | D:5      | Reached XP level 8. HP: 33/44 MP: 9/9
  4966 | D:5      | Reached skill level 10 in Dodging
  5619 | D:6      | HP: 1/66 [orc warrior/+0 trident (13)]
  5621 | D:6      | Reached skill level 11 in Dodging
  5974 | D:6      | Reached **** piety under Trog
  6261 | D:7      | HP: 2/67 [orc warrior/+0 mace (8)]
  6264 | D:7      | Slain by an orc
  6264 | D:7      | Lost a life (1 life remaining)
  6688 | D:7      | Gained mutation: You have a pair of small horns on your
                  | head. [potion of mutation]
  6689 | D:7      | Lost mutation: You have a pair of small horns on your head.
                  | [potion of mutation]
  6689 | D:7      | Gained mutation: You expend magic power (3 MP) to
                  | strengthen your wands. [potion of mutation]
  6689 | D:7      | Gained mutation: You have a pair of small antennae on your
                  | head. [potion of mutation]
  6689 | D:7      | Gained mutation: You possess an exceptional clarity of
                  | mind. [potion of mutation]
  6727 | D:7      | Reached XP level 9. HP: 49/49 MP: 10/10
  7205 | D:8      | Reached skill level 12 in Dodging
  7323 | D:8      | Lost mutation: You possess an exceptional clarity of mind.
                  | [potion of mutation]
  7323 | D:8      | Lost mutation: You have a pair of small antennae on your
                  | head. [potion of mutation]
  7323 | D:8      | Lost mutation: You expend magic power (3 MP) to strengthen
                  | your wands. [potion of mutation]
  7323 | D:8      | Gained mutation: You have a pair of small horns on your
                  | head. [potion of mutation]
  7323 | D:8      | Gained mutation: You are partially covered in iridescent
                  | scales. (AC +2) [potion of mutation]
  7323 | D:8      | Gained mutation: You are robust. (+10% HP) [potion of
                  | mutation]
  7333 | D:8      | Paralysed by a hornet for 1 turns
  7507 | D:8      | Noticed Maurice
  7525 | D:8      | Killed Maurice
  7586 | D:8      | Noticed Joseph
  7603 | D:8      | Killed Joseph
  7604 | D:8      | Reached skill level 13 in Dodging
  7683 | D:8      | Found a flagged portal.
  7869 | D:8      | Reached XP level 10. HP: 31/61 MP: 11/11
  7869 | D:8      | Gained a life (2 lives remaining)
  8581 | D:9      | Reached skill level 14 in Dodging
  8605 | D:9      | Noticed Erica
  8642 | D:9      | Killed Erica
  8645 | D:9      | HP: 4/91 [poisoned by a killer bee]
  8646 | D:9      | HP: 1/91 [poisoned by a killer bee]
  8647 | D:9      | Succumbed to a killer bee's poison
  8647 | D:9      | Lost a life (1 life remaining)
  9237 | D:9      | Noticed a death yak
  9237 | D:9      | Noticed a death yak
  9237 | D:9      | Noticed a death yak
  9264 | D:9      | Killed a death yak
  9265 | D:9      | Reached skill level 15 in Dodging
  9480 | D:9      | Found a staircase to the Lair.
  9565 | D:9      | Killed a death yak
  9573 | D:9      | Killed a death yak
  9574 | D:9      | Reached XP level 11. HP: 68/68 MP: 12/12
 10145 | D:10     | Entered Level 10 of the Dungeon
 10150 | D:10     | Noticed a soul eater
 10171 | D:10     | Killed a soul eater
 10172 | D:10     | Reached skill level 16 in Dodging
 10333 | D:10     | Found a runed translucent door.
 10387 | D:10     | Mangled by a red devil
 10387 | D:10     | Lost a life (0 lives remaining)
 10539 | D:10     | Reached skill level 17 in Dodging
 10545 | D:10     | HP: 3/68 [spectral boulder beetle (9)]
 10550 | D:10     | Mangled by a spectral boulder beetle

Illustrated notes

Levels and vault maps discovered:
D:1:      mrwooster_arrival_statue_3, layout_loops_ring
D:2:      layout_rooms, uniq_sigmund
D:3:      layout_loops_ring, hangedman_decor_slide_cut, uniq_crazy_yiuf_cottage
D:4:      layout_basic, lemuel_temple_firewalk_b, hex_intersection
D:5:      layout_loops_corners
D:6:      layout_loops_ring
D:7:      layout_cave_pools
D:8:      layout_basic, enter_bailey_2, nicolae_straight_to_the_point,
          uniq_joseph, uniq_maurice
D:9:      layout_gridville, dpeg_lair_monsters, uniq_erica
D:10:     lemuel_vampire_tower, layout_cross, mainiacjoe_overflow_alcove_2,
          grunt_temple_overflow_open, ebering_ghost_funeral_grove,
          serial_demonic, serial_demonic_c, serial_demonic_b, serial_demonic_e,
          serial_demonic_b, serial_demonic_c, serial_demonic_a

Skill      XL: |  1  2  3  4  5  6  7  8  9 10 11 |
---------------+----------------------------------+-----
Dodging        | 5 6 8 9 11 13 15 17 | 17.0
Fighting       | 4 5 6 7 9 |  9.8
Unarmed Combat | 4 5 6 7 9 |  9.8

Action                     |  1- 3 |  4- 6 |  7- 9 | 10-12 || total
---------------------------+-------+-------+-------+-------++-------
  Melee: Unarmed           |    62 |   139 |   386 |   352 ||   939
         Bite              |     3 |    12 |    53 |    52 ||   120
         Punch             |       |     4 |    17 |    32 ||    53
         Headbutt          |       |       |    18 |    90 ||   108
 Invoke: Berserk           |     2 |     2 |     8 |    10 ||    22
         Trog's Hand       |       |       |       |     1 ||     1
    Use: Scroll            |       |     7 |     6 |     1 ||    14
         Potion            |       |       |     7 |     9 ||    16
   Stab: Sleeping          |       |     1 |     2 |       ||     3
         Invisible         |       |       |     4 |       ||     4
 Armour: Skin              |    18 |    31 |    96 |   111 ||   256
  Dodge: Dodged            |    53 |   114 |   370 |   559 ||  1096
